 Dungeon Crawl Stone Soup version 0.31-a0-1008-g5b978dac0e (webtiles) character file.

Game seed: 5747828288277159507

785 Colgate the Ruffian (level 7, -1/55 (68) HPs)
             Began as a Troll Shapeshifter on Nov 13, 2023.
             Was a Follower of Sif Muna.
             Slain by a wight
             ... wielding a +4 falchion of freezing
              (2 damage)
             ... on level 6 of the Dungeon.
             The game lasted 00:10:04 (3514 turns).

Colgate the Ruffian (Troll Shapeshifter)            Turns: 3514, Time: 00:10:05

HP:   -1/55 (68)    AC:  4    Str: 25    XL:     7   Next: 56%
MP:   6/6           EV:  9    Int:  6    God:    Sif Muna [*.....]
Gold: 323           SH:  0    Dex:  9    Spells: 6/6 levels left

rFire   . .          .
                       - Unarmed
rCold   . . .        (no shield)
rNeg    . . .        a - +0 animal skin
rPois   .            (helmet currently unavailable)
rElec   .            (cloak currently unavailable)
rCorr   .            (gloves unavailable)
SInv    .            (boots unavailable)
Will    .....        h - amulet of magic regeneration
Stlth   +            (no ring)
HPRegen 1.09/turn    (no ring)
MPRegen 0.50/turn

%: no passive effects
@: beast-form, heavily drained
A: beast (slay +1), large, unfitting armour, claws 3, regeneration 1, shaggy fur
1, tough skin 1
a: Begin Untransformation, Renounce Religion, Channel Magic


You were on level 6 of the Dungeon.
You worshipped Sif Muna.
Sif Muna was aware of your devotion.
You were a hulking beast.
You visited 1 branch of the dungeon, and saw 6 of its levels.

You collected 323 gold pieces.

Inventory:

Missiles
 e - 5 boomerangs
 l - 5 datura-tipped darts (quivered)
 w - 3 poisoned darts
Armour
 a - a +0 animal skin (worn)
 t - a +0 cloak
 u - a scarf of shadows
 A - a +1 hat
Jewellery
 h - an amulet of magic regeneration (around neck)
Talismans
 c - a beast talisman
 d - a flux talisman
Wands
 v - a wand of flame (19)
Scrolls
 f - a scroll of noise {unknown}
 g - a scroll of fear {unknown}
 p - a scroll of teleportation {@r3}
 q - 2 scrolls of fog
 y - a scroll of amnesia {unknown}
Potions
 b - 4 potions of lignification
 i - 2 potions of brilliance
 j - a potion of heal wounds {unknown}
 k - a potion of enlightenment {unknown}
 m - a potion of berserk rage {unknown}
 n - a potion of degeneration {unknown}
 o - a potion of might {@q3}
 r - a potion of ambrosia {unknown}
 x - a potion of resistance {unknown}
 z - a potion of curing {unknown}


   Skills:
 - Level 3.6 Fighting
 - Level 1.5 Dodging
 + Level 7.8 Unarmed Combat
 - Level 3.0 Shapeshifting


You had 6 spell levels left.
You didn't know any spells.
Your spell library contained the following spells:

 Spells                   Type           Power      Damage    Failure   Level
 Slow                     Hex            0%         N/A       45%         1
 Confusing Touch          Hex            0%         N/A       83%         3
 Inner Flame              Hex/Fire       0%         N/A       83%         3
 Sigil of Binding         Hex            0%         N/A       83%         3
 Vampiric Draining        Necr           0%         2d6       83%         3
 Animate Armour           Summ/Erth      0%         N/A       99%         4
 Flame Wave               Conj/Fire      0%         2d4       99%         4
 Sticky Flame             Conj/Fire      0%         2d3       99%         4
 Iskenderun's Battlesphe  Conj           0%         2d6       100%        5
 Bombard                  Conj/Erth      0%         9d1       100%        6
 Spellforged Servitor     Conj/Summ      0%         N/A       100%        7
 Shatter                  Erth           0%         3d5*      100%        9


Dungeon Overview and Level Annotations

Branches:
Dungeon (6/15)
 Temple: D:4-7

Altars:
Elyvilon
Makhleb
Qazlal
Sif Muna


Innate Abilities, Weirdness & Mutations

You are a hulking beast.
Your limbs bulge with bestial killing power. (Slay +1)
You are too large for most types of armour.
You have claws for hands.
Your natural rate of healing is unusually fast.
You are covered in fur. (AC +1)
You have tough skin. (AC +1)


Message History

There are monsters nearby!
You are too injured to fight recklessly!
There are monsters nearby!
You are too injured to fight recklessly!
There are monsters nearby!
You are too injured to fight recklessly!
There are monsters nearby!
You closely miss the wight.
The wight closely misses you. x2; The wight attacks as it pursues you!
The wight hits you with a +0 hand axe.
You feel drained. The wight attacks as it pursues you!
The wight barely misses you. The wight attacks as it pursues you!
The wight hits you from afar with a +0 halberd.
You feel drained. The wight attacks as it pursues you!
The wight barely misses you.
You claw the wight!
You destroy the wight!
Sif Muna accepts your kill.
You barely miss the wight. Your claw misses the wight. You claw the wight!
The wight barely misses you.
You closely miss the wight. The wight hits you with a +0 hand axe!
You feel drained.
You scratch the wight but do no damage. Your claw misses the wight.
The wight hits you with a +4 falchion of freezing!
* * * LOW HITPOINT WARNING * * *
You feel drained.
* * * LOW HITPOINT WARNING * * *
The wight freezes you.
* * * LOW HITPOINT WARNING * * *
You scratch the wight but do no damage. The wight closely misses you.
The wight hits you from afar with a +0 halberd.
* * * LOW HITPOINT WARNING * * *
You feel drained.
You barely miss the wight.
The wight hits you with a +4 falchion of freezing!
* * * LOW HITPOINT WARNING * * *
You feel drained.
* * * LOW HITPOINT WARNING * * *
The wight freezes you.
You die...

........... ##
........... #..
.#####.... .##..# ##....
......########## ##.....
...............####...###
#......zz...........### #
#.....####z........##
#.... #hzz.......## #...
############ ##. #


You could see 3 wights.

Vanquished Creatures
  2 water moccasins
  A phantom (D:5)
  A wight (D:6)
  3 hounds (D:5)
  An orc priest (D:5)
  A sleepcap (D:6)
  3 iguanas (D:5)
  2 orc wizards
  5 adders
  A worm (D:2)
  3 dart slugs
  10 orcs
  5 ball pythons
  7 endoplasms
  5 giant cockroaches
  11 goblins
  5 hobgoblins
  11 jackals
  2 kobolds (D:4)
  6 quokkas
  6 bats
  2 frilled lizards
  2 rats
95 creatures vanquished.

Vanquished Creatures (collateral kills)
  An orc priest (D:5)
1 creature vanquished.

Grand Total: 96 creatures vanquished

Notes
Turn   | Place    | Note
-------+----------+-------------------------------------------
     0 | D:1      | Colgate the Troll Shapeshifter began the quest for the Orb.
     0 | D:1      | Reached XP level 1. HP: 18/18 MP: 0/0
    86 | D:1      | Reached XP level 2. HP: 24/26 MP: 1/1
   525 | D:1      | Reached skill level 4 in Unarmed Combat
   852 | D:2      | Reached XP level 3. HP: 32/32 MP: 2/2
  1595 | D:3      | Reached skill level 5 in Unarmed Combat
  1595 | D:3      | Reached XP level 4. HP: 39/40 MP: 3/3
  1816 | D:3      | Found a white marble altar of Elyvilon.
  1863 | D:3      | Found a burning altar of Makhleb.
  1863 | D:3      | Noticed a blizzard demon
  2031 | D:3      | Noticed a neqoxec
  2031 | D:3      | Noticed an orange demon
  2065 | D:3      | Found a shimmering blue altar of Sif Muna.
  2073 | D:3      | Became a worshipper of Sif Muna the Loreminder
  2389 | D:4      | Reached * piety under Sif Muna
  2481 | D:5      | Identified the "Micobeg"
  2481 | D:5      | Entered Level 5 of the Dungeon
  2489 | D:5      | Reached XP level 5. HP: 43/46 MP: 4/4
  2496 | D:5      | Noticed a phantom
  2503 | D:5      | Noticed a water moccasin
  2545 | D:4      | Killed a water moccasin
  2546 | D:4      | Reached skill level 6 in Unarmed Combat
  2572 | D:5      | Reached skill level 1 in Fighting
  2572 | D:5      | Reached XP level 6. HP: 20/55 MP: 5/5
  3057 | D:5      | Reached XP level 7. HP: 62/67 MP: 6/6
  3075 | D:5      | Found a stormy altar of Qazlal.
  3202 | D:5      | Reached skill level 7 in Unarmed Combat
  3514 | D:6      | HP: 2/57 [wight/+4 falchion of freezing (11)]
  3514 | D:6      | Slain by a wight

Illustrated notes

Levels and vault maps discovered:
D:1:      dpeg_arrival_snail, layout_basic, minmay_misc_feat_plants,
          minivault_19
D:2:      layout_loops_ring
D:3:      layout_rooms, elyvilon_altar_1, mainiacjoe_overflow_surrounded_room,
          makhleb_altar_promises_db, item_on_display_b
D:4:      layout_rooms, kennysheep_doodads
D:5:      layout_rooms, old_standard_altar, saegor_snake_ambush
D:6:      layout_layer_cave, lemuel_crystal_altar, dreamdust_princess_corridor

Skill      XL: |  1  2  3  4  5  6  7 |
---------------+----------------------+-----
Unarmed Combat | 4 5 6 7 |  7.8
Fighting       | 1 3 |  3.6
Dodging        | |  1.5
Shapeshifting  | |  3.0

Action                     |  1- 3 |  4- 6 |  7- 9 || total
---------------------------+-------+-------+-------++-------
  Melee: Unarmed           |    95 |   102 |    29 ||   226
         Punch             |     1 |     2 |     1 ||     4
  Throw: Dart              |       |     3 |       ||     3
         Boomerang         |       |     3 |       ||     3
    Use: Potion            |       |     1 |       ||     1
         Scroll            |       |       |     4 ||     4
   Stab: Sleeping          |     1 |       |     2 ||     3
 Armour: Animal skin       |    70 |    55 |    19 ||   144
         Skin              |       |    52 |       ||    52
  Dodge: Dodged            |    43 |    30 |    14 ||    87

Table legend: (Time is in decaauts)
 A = Elapsed time spent in this place.
 B = Non-inter-level travel time spent in this place.
 C = Inter-level travel time spent in this place.
 D = Time resting spent in this place.
 E = Time spent auto-exploring this place.
 F = Levels seen in this place.
 G = Mean time per level.
                   A        B        C        D        E       F      G
               +--------+--------+--------+--------+--------+-----+--------+
         Total |   3493 |   3271 |    222 |    265 |   2405 |   6 |  582.2 |
       Dungeon |   3493 |   3271 |    222 |    265 |   2405 |   6 |  582.2 |
               +--------+--------+--------+--------+--------+-----+--------+

Top non-repeatable levels by time:
     D:1: 817 daAuts
     D:5: 807 daAuts
     D:2: 754 daAuts
     D:4: 514 daAuts
     D:3: 509 daAuts
     D:6: 91 daAuts
